Map: Prüfung von Aiur LE

Players

yastar - Winner!

  • Race: Terran Terran
  • League: Diamond
  • Spawn Location: 5:00

Panda

  • Race: Zerg Zerg
  • League: Diamond
  • Spawn Location: 11:00

VOD

Have the link to the VOD?

Description

Time

  • Played on: Sept. 7, 2017, 9:18 a.m.
  • Length: 3:50
Show
View Real Time Build Order
Export as new Build Order

yastar Terran - Winner!

Build Orders:  

Get SALT Encoding   

  12  0:01  SCV  
  13  0:14  SCV  
  14  0:17  Supply Depot  
  14  0:26  SCV  
  15  0:39  SCV  
  15  0:42  Barracks  
  16  0:46  Refinery  
  16  0:51  SCV  
  17  1:03  SCV  
  18  1:15  SCV  
  19  1:29  Marine  
  19  1:30  Orbital Command  
  20  1:50  Factory  
  20  1:51  Marine  
  21  1:58  Bunker  
  21  2:01  SCV  
  22  2:06  Supply Depot  
  22  2:16  SCV  
  22  2:19  Barracks Tech Lab  
  23  2:24  Refinery  
  23  2:28  SCV  
  24  2:40  Command Center, SCV  
  25  2:50  Siege Tank  
  28  2:51  Marine  
  28  2:52  SCV  
  30  3:04  SCV  
  31  3:13  Marine  
  31  3:23  Starport  
  31  3:25  SCV  
  28  3:45  Supply Depot  
Show
View Real Time Build Order
Export as new Build Order

Panda Zerg 

Build Orders: Pool Only 

Get SALT Encoding   

  12  0:18  Spawning Pool  
  11  0:21  Drone  
  11  0:27  Drone  
  13  0:31  Drone  
  13  0:35  Extractor  
  13  0:38  Drone  
  14  0:48  Overlord  
  14  0:54  Extractor  
  13  0:57  Drone  
  14  1:09  Roach Warren  
  13  1:20  Drone  
  13  1:21  Zergling x2  
  15  1:49  Roach  
  15  1:50  Roach x2  
  21  2:00  Overlord  
  21  2:15  Zergling x2  
  22  2:23  Ravager x2  
  22  2:24  Ravager  
  22  2:29  Roach  
  27  2:37  Overlord  
  27  2:46  Roach  
Tags
 
Matchup
TvZ
Opening
Pool Only
Replay Pack
replays1
Spawn Locations
Cross Positions
Add a new tag
Caveats
  • Supply blocks, unpowered buildings, or Contaminate may cause inaccurate times.
  • Supply counts are checked every 10 seconds.